 Dungeon Crawl Stone Soup version 0.32-a0-871-ge202e49faa (webtiles) character file.

Game seed: 4063723870631498683

91 DEFE the Chopper (level 4, -1/35 HPs)
             Began as a Coglin Fighter on Mar 29, 2024.
             Slain by a gnoll
             ... wielding a +0 halberd
              (6 damage)
             ... on level 2 of the Dungeon.
             The game lasted 00:00:53 (1632 turns).

DEFE the Chopper (Coglin Fighter)                   Turns: 1632, Time: 00:00:54

Health: -1/35      AC:  6    Str: 19    XL:     4   Next: 57%
Magic:  4/4        EV:  8    Int:  7    God:
Gold:   24         SH:  4    Dex: 13    Spells: 3/3 levels left

rFire   . . .        a - +0 war axe {Tejnoor}
rCold   . . .        c - +0 buckler
rNeg    . . .        b - +0 scale mail
rPois   .            (no helmet)
rElec   .            (no cloak)
rCorr   .            (no gloves)
SInv    .            (no boots)
Will    .....        (amulet unavailable) Stlth
                     (ring unavailable)
HPRegen 0.25/turn    (ring unavailable)
MPRegen 0.09/turn    (no gizmo)

%: no passive effects
@: mighty, revved
A: off-hand wielding, slow wielding, warmup strikes, no jewellery
a: Invent Gizmo


You were on level 2 of the Dungeon.
You visited 1 branch of the dungeon, and saw 2 of its levels.

You collected 24 gold pieces.

Inventory:

Hand Weapons
 a - a +0 war axe (weapon) {Tejnoor}
Armour
 b - a +0 scale mail (worn)
 c - a +0 buckler (worn)
Scrolls
 e - a scroll of vulnerability {unknown}
 g - a scroll of blinking {unknown}
 h - a scroll of amnesia {unknown}
 i - 2 scrolls of enchant weapon {unknown}
 j - 3 scrolls of teleportation {unknown}
 k - a scroll of poison {unknown}
 o - a scroll of identify {unknown}
Potions
 d - 2 potions of might
 f - a potion of ambrosia {unknown}
 l - a potion of resistance {unknown}
 m - 2 potions of brilliance {unknown}
 n - a potion of heal wounds {unknown}
 p - a potion of curing {unknown}
 q - a potion of mutation {unknown}


   Skills:
 - Level 3.0 Fighting
 + Level 4.6 Axes
 - Level 2.6 Armour
 - Level 2.1 Shields


You had 3 spell levels left.
You didn't know any spells.
Your spell library was empty.

Dungeon Overview and Level Annotations

Branches:
Dungeon (2/15)

Altars:
Zin


Innate Abilities, Weirdness & Mutations

You can wield a second weapon in your off-hand.
It takes a long time for you to wield or remove held weapons.
Your first few attacks do less damage.
You cannot equip rings or amulets.


Message History

The gnoll closely misses you.
You slash the gnoll!
The gnoll is severely wounded.
The gnoll hits you from afar with a +0 halberd.
The gnoll hits you with a +0 club.
A hobgoblin comes into view.
You barely miss the gnoll.
The gnoll is severely wounded.
The hobgoblin shouts!
You hear a shout!
The gnoll closely misses you. The gnoll hits you with a +0 club.
You hit the gnoll.
You kill the gnoll!
The gnoll barely misses you.
You slash the gnoll!
The gnoll is severely wounded.
The gnoll closely misses you. The gnoll barely misses you.
You block the gnoll's attack. The gnoll barely misses you.
You hit the gnoll.
You kill the gnoll!
The gnoll hits you from afar with a +0 halberd!
You are too injured to fight recklessly!
You are too injured to fight recklessly!
You are too injured to fight recklessly!
You are too injured to fight recklessly!
You are too injured to fight recklessly!
Unknown command.
You are too injured to fight recklessly!
Unknown command.
You feel very mighty all of a sudden.
The gnoll hits you from afar with a +0 halberd.
The gnoll hits you with a +0 flail.
* * * LOW HITPOINT WARNING * * *
You closely miss the gnoll.
The gnoll hits you from afar with a +0 halberd.
* * * LOW HITPOINT WARNING * * *
A kobold comes into view. It is wielding a +0 dagger.
The gnoll hits you but does no damage.
You completely miss the gnoll.
The gnoll hits you from afar with a +0 halberd.
You die... #.......#.# ....>....# ......$.# .......
K.... ### gg.

# #.. #g# .# .#.#
###@#..###### .#.#####.#
#.$.........# .........#
##.#.#..####.# ##.####
#.......# #.# ......####
#.#####.####.#######.
#####....####...#
#..............
#...........###.####.##.#.##.
#....####...##.........###...
##....####.###........##.#<##.


You could see 2 gnolls, a hobgoblin and a kobold.

Vanquished Creatures
  5 gnolls (D:2)
  2 dart slugs (D:1)
  A ribbon worm (D:2)
  5 ball pythons
  5 bats (D:1)
  An endoplasm (D:1)
  A giant cockroach (D:1)
  3 goblins (D:1)
  3 hobgoblins
  4 kobolds
  2 quokkas (D:1)
  2 frilled lizards (D:1)
  4 rats (D:1)
38 creatures vanquished.

Notes
Turn   | Place    | Note
-------+----------+-------------------------------------------
     0 | D:1      | DEFE the Coglin Fighter began the quest for the Orb.
     0 | D:1      | Reached XP level 1. HP: 18/18 MP: 1/1
   111 | D:1      | Reached XP level 2. HP: 24/24 MP: 2/2
   382 | D:1      | Reached skill level 3 in Axes
   644 | D:1      | Reached XP level 3. HP: 28/29 MP: 3/3
  1058 | D:2      | Found a glowing silver altar of Zin.
  1214 | D:2      | Reached skill level 4 in Axes
  1216 | D:2      | Reached XP level 4. HP: 8/35 MP: 4/4
  1569 | D:2      | Found a faded altar of an unknown god.
  1632 | D:2      | Slain by a gnoll

Illustrated notes

Levels and vault maps discovered:
D:1:      lemuel_arrival_muddy, layout_loops_corners
D:2:      layout_loops_ring, basic_altar,
          dreamdust_ecumenical_altar_angels_and_demons

Skill      XL: |  1  2  3 |
---------------+----------+-----
Axes           | 3 4 |  4.6
Fighting       | |  3.0
Armour         | |  2.6
Shields        | |  2.1

Action                     |  1- 3 |  4- 6 || total
---------------------------+-------+-------++-------
  Melee: War axe           |    76 |    16 ||    92
    Use: Potion            |       |     1 ||     1
 Armour: Scale mail        |    72 |    22 ||    94
  Dodge: Dodged            |    28 |     7 ||    35
  Block: Buckler           |    16 |     4 ||    20

Table legend: (Time is in decaauts)
 A = Elapsed time spent in this place.
 B = Non-inter-level travel time spent in this place.
 C = Inter-level travel time spent in this place.
 D = Time resting spent in this place.
 E = Time spent auto-exploring this place.
 F = Levels seen in this place.
 G = Mean time per level.
                   A        B        C        D        E       F      G
               +--------+--------+--------+--------+--------+-----+--------+
         Total |   1667 |   1642 |     25 |    205 |   1198 |   2 |  833.5 |
       Dungeon |   1667 |   1642 |     25 |    205 |   1198 |   2 |  833.5 |
               +--------+--------+--------+--------+--------+-----+--------+

Top non-repeatable levels by time:
     D:1: 1077 daAuts
     D:2: 590 daAuts
